Map: Ruins of Seras

Players

LindyHop - Winner!

  • Race: Zerg Zerg

Tylen

  • Race: Protoss Protoss
  • League: Silver

VOD

Have the link to the VOD?

Description

Time

  • Played on: Nov. 27, 2015, 7:42 p.m.
  • Length: 16:11
Show
View Real Time Build Order
Export as new Build Order

LindyHop Zerg - Winner!

Build Orders: Hatch First 

Get SALT Encoding   

  12  0:01  Drone  
  13  0:13  Drone  
  14  0:36  Hatchery  
  13  0:52  Drone, Overlord  
  14  1:10  Drone x2  
  17  1:18  Drone  
  17  1:23  Spawning Pool  
  17  1:25  Drone  
  17  1:45  Extractor  
  16  1:52  Drone x3  
  19  1:59  Overlord  
  19  2:13  Queen x2  
  23  2:21  Zergling x6  
  23  2:22  Overlord  
  26  2:29  Drone  
  27  2:53  Drone x3  
  30  3:00  Metabolic Boost, Drone  
  30  3:02  Drone x2  
  33  3:09  Roach Warren  
  31  3:25  Spine Crawler  
  30  3:28  Spine Crawler  
  30  3:38  Spine Crawler  
  30  3:39  Drone  
  30  3:40  Drone x9  
  38  4:04  Overlord x3  
  38  4:05  Overlord  
  38  4:08  Lair  
  38  4:13  Extractor  
  37  4:23  Drone x2  
  39  4:36  Hatchery  
  39  4:37  Drone  
  39  4:38  Drone x2  
  41  4:39  Drone x2  
  41  4:40  Drone x3, Extractor  
  45  4:46  Queen  
  47  5:09  Roach x6  
  59  5:15  Glial Reconstitution  
  59  5:19  Drone  
  60  5:21  Drone  
  61  5:36  Drone x3  
  61  5:39  Extractor  
  63  5:52  Hydralisk Den  
  63  5:53  Drone x2  
  64  5:57  Drone x2  
  64  5:58  Drone  
  64  5:59  Overlord x2  
  64  6:01  Overseer  
  67  6:11  Drone x3  
  68  6:12  Drone x3  
  73  6:21  Spore Crawler  
  73  6:23  Spore Crawler  
  71  6:34  Drone x5  
  71  6:35  Drone  
  71  6:38  Drone  
  71  6:39  Drone, Extractor  
  78  6:40  Extractor  
  78  6:41  Roach  
  78  6:42  Roach  
  81  6:50  Drone, Queen  
  84  6:59  Hatchery  
  76  7:02  Hydralisk  
  76  7:03  Hydralisk x8  
  91  7:21  Hatchery  
  90  7:28  Drone x8  
  98  7:33  Overlord  
  98  7:44  Overlord x2  
  97  7:54  Zergling x2  
  97  7:55  Zergling x10  
  103  7:58  Overlord  
  103  8:07  Drone x2  
  103  8:08  Drone  
  103  8:09  Roach x2  
  110  8:17  Zergling x4  
  106  8:32  Hydralisk  
  106  8:33  Hydralisk x7  
  112  8:42  Hydralisk  
  112  8:43  Hydralisk x2  
  112  8:47  Hydralisk x2  
  122  8:49  Hydralisk  
  122  8:51  Queen  
  122  8:53  Hydralisk  
  122  8:55  Zergling x6  
  131  9:02  Hydralisk  
  131  9:03  Hydralisk x2  
  137  9:14  Evolution Chamber  
  137  9:15  Muscular Augments  
  136  9:20  Hydralisk  
  136  9:21  Zergling x6  
  136  9:23  Overlord x4  
  140  9:38  Zergling x4  
  142  9:52  Hydralisk x7  
  144  9:53  Hydralisk x4  
  164  10:01  Spine Crawler  
  163  10:15  Overlord x2, Zergling x2  
  163  10:16  Overlord x2  
  164  10:28  Hydralisk x2  
  144  10:29  Zergling x2  
  144  10:30  Zergling x18  
  158  10:37  Zergling x2  
  158  10:38  Zergling x2  
  158  10:45  Zerg Ground Armor Level 1  
  158  10:49  Evolution Chamber  
  156  10:53  Zergling x2  
  156  10:54  Zergling x16  
  164  11:10  Zergling x2  
  156  11:19  Drone x2  
  158  11:32  Drone x3  
  161  11:33  Hatchery, Drone x3  
  163  11:40  Spire  
  163  11:46  Infestation Pit  
  130  12:31  Zergling x4  
  130  12:32  Zergling x26  
  141  12:48  Hatchery  
  140  12:55  Hatchery  
  140  12:58  Mutalisk x2  
  139  12:59  Mutalisk x13  
  169  13:13  Zerg Ground Armor Level 2  
  169  13:14  Zerg Flyer Weapons Level 1, Mutalisk  
  169  13:15  Mutalisk x6  
  169  13:17  Zergling x2  
  169  13:18  Zergling x8  
  188  13:22  Overseer  
  188  13:23  Extractor  
  187  13:28  Extractor  
  186  13:41  Mutalisk x4  
  192  13:51  Spine Crawler  
  191  13:57  Mutalisk  
  191  13:58  Zergling x2  
  191  13:59  Zergling x10  
  191  14:01  Zerg Melee Weapons Level 1  
  192  14:21  Mutalisk  
  192  14:22  Mutalisk x2  
  192  14:23  Zergling x2  
  197  14:39  Zergling x2  
  197  14:40  Zergling x2  
  193  15:06  Zergling x12  
  199  15:10  Hatchery  
  198  15:16  Zergling x2  
Show
View Real Time Build Order
Export as new Build Order

Tylen Protoss 

Build Orders:  

Get SALT Encoding   

  12  0:02  Probe (Chrono Boost)  
  13  0:12  Probe (Chrono Boost)  
  14  0:20  Pylon  
  14  0:24  Probe (Chrono Boost)  
  15  0:38  Probe (Chrono Boost)  
  16  0:43  Forge  
  16  0:48  Probe (Chrono Boost)  
  17  0:57  Pylon  
  17  0:59  Probe (Chrono Boost)  
  18  1:09  Probe (Chrono Boost)  
  19  1:20  Gateway  
  19  1:22  Probe (Chrono Boost)  
  20  1:41  Pylon  
  20  1:45  Probe (Chrono Boost)  
  21  1:49  Photon Cannon  
  21  2:19  Probe (Chrono Boost)  
  21  2:22  Photon Cannon  
  21  2:25  Photon Cannon  
  21  2:27  Pylon  
  21  2:35  Nexus  
  21  2:38  Assimilator  
  21  2:52  Zealot (Chrono Boost)  
  21  2:57  Cybernetics Core  
  22  3:14  Assimilator  
  22  3:18  Probe  
  23  3:25  Pylon, Warp Gate (Chrono Boost)  
  23  3:29  Zealot (Chrono Boost)  
  25  3:43  Probe  
  26  3:51  Protoss Ground Weapons Level 1 (Chrono Boost)  
  26  3:52  Probe  
  28  3:55  Probe  
  28  4:02  Probe  
  28  4:07  Probe  
  30  4:14  Probe  
  31  4:22  Gateway, Probe  
  31  4:23  Gateway  
  32  4:32  Stargate  
  32  4:33  Probe  
  32  4:37  Probe  
  34  4:44  Assimilator  
  34  4:48  Assimilator  
  34  4:49  Probe  
  35  4:59  Mothership Core  
  37  5:09  Pylon  
  37  5:11  Probe  
  38  5:22  Oracle (Chrono Boost)  
  38  5:28  Gateway  
  41  5:32  Pylon  
  41  5:36  Gateway  
  41  5:40  Robotics Facility  
  41  5:45  Twilight Council  
  41  5:47  Pylon  
  41  5:56  Probe x2  
  43  5:59  Stalker  
  43  6:02  Sentry  
  47  6:08  Probe  
  48  6:14  Photon Cannon  
  48  6:17  Probe  
  49  6:20  Probe  
  50  6:29  Probe  
  51  6:38  Pylon  
  51  7:00  Probe  
  51  7:01  Stalker, Probe  
  53  7:02  Stalker x2  
  59  7:13  Pylon  
  59  7:20  Oracle (Chrono Boost)  
  62  7:24  Blink (Chrono Boost)  
  62  7:31  Probe, Robotics Bay  
  62  7:37  Protoss Ground Weapons Level 2  
  63  7:41  Stalker x2  
  63  7:42  Stalker x3  
  73  7:50  Probe  
  59  8:40  Stalker  
  59  8:41  Stalker x4  
  67  8:47  Disruptor (Chrono Boost)  
  72  8:52  Probe x2  
  74  8:55  Nexus  
  74  8:58  Pylon  
  74  9:01  Pylon  
  74  9:06  Stalker x3, Pylon  
  74  9:09  Mothership Core  
  82  9:19  Photon Cannon  
  82  9:51  Disruptor (Chrono Boost)  
  82  9:55  Stalker x3  
  82  9:57  Probe  
  82  10:30  Stalker x2, Protoss Ground Weapons Level 3  
  82  10:31  Stalker x3  
  78  10:43  Gateway  
  78  10:49  Probe  
  73  10:50  Probe  
  74  11:01  Disruptor (Chrono Boost)  
  75  11:16  Stalker x3  
  75  11:17  Sentry  
  81  11:20  Probe  
  81  11:22  Probe x2  
  84  11:34  Probe  
  85  11:40  Assimilator  
  85  11:42  Assimilator  
  85  11:43  Stalker x4  
  85  11:44  Stalker  
  85  11:45  Probe  
  96  12:00  Warp Prism (Chrono Boost)  
  92  12:31  Disruptor (Chrono Boost)  
  92  12:35  Stalker x3  
  92  12:36  Stalker x3  
  103  12:50  Probe  
  103  12:51  Probe x2  
  106  13:01  Charge  
  106  13:10  Probe  
  106  13:12  Dark Shrine  
  107  13:26  Stalker  
  107  13:27  Stalker x4  
  117  13:57  Stalker x4  
  123  14:15  Stalker, Probe  
  123  14:16  Stalker  
  118  14:17  Probe x2  
  118  14:22  Gateway  
  120  14:25  Gateway  
  118  14:43  Stalker x3  
  105  15:08  Dark Templar x2  
  105  15:09  Dark Templar x2  
  95  15:15  Archon x2  
  95  15:17  Dark Templar  
  87  15:23  Zealot  
  85  15:32  Probe x2  
  85  15:34  Probe  
  82  15:44  Sentry x2, Probe  
  82  15:47  Zealot  
  87  16:02  Zealot x2  
  87  16:03  Zealot  
Tags
 
Add a new tag
Caveats
  • Supply blocks, unpowered buildings, or Contaminate may cause inaccurate times.
  • Supply counts are checked every 10 seconds.